 Dungeon Crawl Stone Soup version 0.23.0-3-gf3c87f2df8 (webtiles) character file.

Game seed: 12774063986355387930

74 Kniotic the Sneak (level 3, -4/29 HPs)
             Began as a Demigod Assassin on Feb 22, 2019.
             Killed by nerve-wracking pain
             ... invoked by a shadow imp
              (12 damage)
             ... on level 3 of the Dungeon.
             The game lasted 00:07:03 (2657 turns).

Kniotic the Sneak (Demigod Assassin)                Turns: 2657, Time: 00:07:03

Health: -4/29      AC:  3    Str: 14    XL:     3   Next: 86%
Magic:  5/5        EV: 12    Int: 17    God:
Gold:   141        SH:  0    Dex: 17    Spells: 2/2 levels left

rFire    . . .     SeeInvis .   a - +2 dagger
rCold    . . .     Gourm    .   (no shield)
rNeg     . . .     Faith    .   c - +0 robe
rPois    .         Spirit   .   (no helmet)
rElec    .         Reflect  .   d - +0 cloak
rCorr    .         Harm     .   (no gloves)
MR       .....                  (no boots)
Stlth    +++.......             (no amulet)
HPRegen  0.09/turn              (no ring)
MPRegen  0.09/turn              (no ring)

@: no status effects
A: high mp 1
a: no special abilities


You were on level 3 of the Dungeon.
You were very hungry.

You visited 1 branch of the dungeon, and saw 3 of its levels.

You collected 141 gold pieces.

Inventory:

Hand Weapons
 a - a +2 dagger (weapon)
 b - a +0 blowgun
Missiles
 e - 16 poisoned needles
 f - 6 curare-tipped needles
Armour
 c - a +0 robe (worn)
 d - a +0 cloak (worn)
Jewellery
 o - an uncursed ring of fire {unknown}
 q - an uncursed amulet of faith {unknown}
Scrolls
 h - a scroll of fog {unknown}
 i - a scroll of teleportation {unknown}
 m - 2 scrolls of amnesia {unknown}
 p - a scroll of remove curse {unknown}
 r - a scroll of enchant armour {unknown}
 s - a scroll of noise {unknown}
 t - a scroll of blinking {unknown}
Potions
 j - a potion of cancellation {unknown}
 k - 2 potions of lignification {unknown}
 l - a potion of curing {unknown}
 n - 2 potions of heal wounds {unknown}
Comestibles
 g - 5 rations


   Skills:
 - Level 1.7 Fighting
 + Level 3.0 Short Blades
 - Level 1.7 Throwing
 - Level 0.8 Dodging
 + Level 4.6 Stealth


You had 2 spell levels left.
You didn't know any spells.
Your spell library was empty.

Dungeon Overview and Level Annotations

Branches:
Dungeon (3/15)


Innate Abilities, Weirdness & Mutations

You have an increased reservoir of magic. (+10% MP)


Message History

The shadow imp gestures at you.
You barely resist. The shadow imp hits you.
You hit the shadow imp.
The shadow imp is moderately wounded.
The shadow imp hits you.
You closely miss the shadow imp.
The shadow imp is moderately wounded.
The shadow imp gestures at you. Pain shoots through your body!
* * * LOW HITPOINT WARNING * * *
You are too injured to fight recklessly!
You are too injured to fight recklessly!
Press: ? - help, v - describe, . - travel
Here: a shadow imp (moderately wounded)
The floor.
The shadow imp puffs mist at you. The shadow imp gestures at you.
Pain shoots through your body!
You die...

##...######......#....###
.+........#.#...##....#..
##........#.....##....#.#
....<.....#......##'###.#
#.........##...#.##.# #.#
#..........<...#.##.###.#######.#
#.###.#.#.##...#.##.#...........#
#.###.#+#.#....#.##.#.#.#########
#.........#.....@.5........#
##........##....#.#.#.#.##.#
.'........##....#...#.#... ..
##........##....##..#.####.###
#........##....##..#.. .#
#....###..+....+..>### # #....#
###....##### #....# #....# #....#
######


You could see a shadow imp.

Vanquished Creatures
  Terence (D:2)
  A leopard gecko (D:2)
  5 orcs (D:2)
  2 giant cockroaches
  8 hobgoblins
  A quokka (D:2)
  7 bats
  3 frilled lizards
  5 goblins
  5 kobolds
  6 rats
44 creatures vanquished.

Notes
Turn   | Place    | Note
-------+----------+-------------------------------------------
     0 | D:1      | Kniotic the Demigod Assassin began the quest for the Orb.
     0 | D:1      | Reached XP level 1. HP: 17/17 MP: 3/3
   350 | D:1      | Reached XP level 2. HP: 24/24 MP: 4/4
   576 | D:1      | Reached skill level 4 in Stealth
   619 | D:2      | Noticed Terence
  1089 | D:2      | Killed Terence
  1089 | D:2      | Reached XP level 3. HP: 29/29 MP: 5/5
  1315 | D:2      | Found an iron altar of Okawaru.
  1316 | D:2      | Found a burning altar of Makhleb.
  1316 | D:2      | Found a radiant altar of Vehumet.
  1316 | D:2      | Found a bloodstained altar of Trog.
  1323 | D:2      | Found a glowing golden altar of the Shining One.
  1323 | D:2      | Found a white marble altar of Elyvilon.
  1661 | D:2      | Found a sparkling altar of Nemelex Xobeh.
  2014 | D:2      | HP: 1/29 [orc/+0 mace (6)]
  2657 | D:3      | Killed from afar by a shadow imp

Skill      XL: |  1  2  3 |
---------------+----------+-----
Short Blades   | 2 3 |  3.0
Stealth        | 4 |  4.6
Fighting       | |  1.7
Throwing       | |  1.7
Dodging        | |  0.8

Action                   || total
-------------------------++-------
Melee: Dagger            ||   124
 Fire: Blowgun           ||    10
 Stab: Sleeping          ||    14
  Eat: Chunk             ||     4
Armor: Robe              ||    27
Dodge: Dodged            ||    88
